 Dungeon Crawl Stone Soup version 0.30-a0-802-gb92711bcdf (webtiles) character file.

Game seed: 7221278564767995863

190658 Popcorn the Warrior (level 17, -18/162 HPs)
             Began as a Minotaur Monk on Feb 23, 2023.
             Was the Champion of Ru.
             Killed from afar by an acid blob (27 damage)
             ... with a splash of acid
             ... on level 5 of the Pits of Slime.
             The game lasted 02:18:05 (32193 turns).

Popcorn the Warrior (Minotaur Monk)                Turns: 32193, Time: 02:18:06

Health: -18/162    AC:  4    Str: 23    XL:     17   Next: 55%
Magic:  21/25      EV:  6    Int:  7    God:    Ru [******]
Gold:   993        SH: 19    Dex: 16    Spells: 16/16 levels left

rFire   . . .      SeeInvis .    C - +10 morningstar "Eos" {elec, Halo rElec}
rCold   + + .      Faith    .    A - +0 kite shield
rNeg    . . .      Spirit   .    i - +0 plate armour "Jistraleu" {Harm *Slow Will++ Dex+2}
rPois   .          Reflect  +    (helmet unavailable)
rElec   +          Harm     +    I - +0 cloak {Stlth+}
rCorr   .          Rampage  +    f - +1 pair of gloves
Will    +++..      Clarity  +    Q - +2 pair of boots {rampage} Stlth
                                 g - amulet of reflection
HPRegen 0.47/turn                F - +4 ring of protection
MPRegen 0.19/turn                m - ring "Diteebil" {rC++ MP+9 Slay+3}

@: exhausted, about to teleport, corroded, hasted, glowing, very quick
A: horns 3, no stealth, inability to use devices, hated by all, inability to
train dodging, disrupted magic 1, unskilled 1, retaliatory headbutt, clarity,
mutation resistance 1, MP-powered wands
}: 1/15 runes: serpentine
a: Renounce Religion, Draw Out Power, Power Leap, Apocalypse


You were on level 5 of the Pits of Slime.
You worshipped Ru.
Ru was exalted by your worship.
You visited 6 branches of the dungeon, and saw 32 of its levels.
You also visited: Gauntlet.

You collected 2093 gold pieces.
You spent 1100 gold pieces at shops.

Inventory:

Hand Weapons
 C - the +10 morningstar "Eos" (weapon) {elec, Halo rElec}
   (You acquired it on level 6 of the Dungeon)

   Halo:      It grants its wielder a halo, revealing invisible creatures and
   increasing accuracy against all within it other than the wielder.
   rElec:     It insulates you from electricity.
Missiles
 h - 4 curare-tipped darts
 w - 20 poisoned darts
 B - 12 javelins (quivered)
 J - 3 silver javelins
 M - a throwing net
Armour
 f - a +1 pair of gloves (worn)
 i - the +0 plate armour "Jistraleu" (worn) {Harm *Slow Will++ Dex+2}
   (You found it on level 3 of the Snake Pit)

   Dex:       It affects your dexterity (+2).
   *Slow:     It may slow you when you take damage.
   Harm:      It increases damage dealt and taken.
   Will:      It greatly increases your willpower.
 q - a +4 chain mail of fire resistance
 A - a +0 kite shield (worn)
 E - the +1 pair of gloves "Uqeu" {rPois rC- rN+}
   (You found it on level 14 of the Dungeon)

   rC:        It makes you vulnerable to cold.
   rPois:     It protects you from poison.
   rN:        It protects you from negative energy.
 G - +0 acid dragon scales
 I - a +0 cloak of stealth (worn)
 Q - a +2 pair of boots of rampaging (worn)
Jewellery
 e - a +4 ring of protection
 g - an amulet of reflection (around neck)
 m - the ring "Diteebil" (right hand) {rC++ MP+9 Slay+3}
   (You found it on level 3 of the Snake Pit)

   [ring of magical power]

   Slay:      It affects your accuracy & damage with ranged weapons and melee
   (+3).
   rC:        It greatly protects you from cold.
   MP:        It affects your magic capacity (+9).
 n - a ring of fire
 t - an amulet of regeneration
 x - a ring of poison resistance
 z - a ring of positive energy
 F - a +4 ring of protection (left hand)
 N - a ring of flight
Scrolls
 a - 9 scrolls of poison
 b - 2 scrolls of fear
 l - 13 scrolls of teleportation
 u - 7 scrolls of immolation
 y - 5 scrolls of silence
 D - 4 scrolls of vulnerability
 K - 2 scrolls of fog
Potions
 c - 2 potions of ambrosia
 j - 4 potions of resistance
 k - 9 potions of lignification
 o - 4 potions of berserk rage
 p - 3 potions of mutation
 r - 3 potions of attraction
 s - 2 potions of might
 v - 3 potions of curing
 L - 2 potions of cancellation
 O - 3 potions of flight
 P - a potion of brilliance


   Skills:
 - Level 17.5 Fighting
 - Level 16.0 Maces & Flails
 + Level 15.1 Throwing
 - Level 14.0 Armour
 - Level 15.0 Shields
 - Level 0.8 Unarmed Combat


You had 16 spell levels left.
You didn't know any spells.
Your spell library contained the following spells:

 Spells                   Type           Power      Damage    Failure   Level
 Foxfire                  Conj/Fire      0%         2x1d4     100%        1
 Magic Dart               Conj           0%         1d3       100%        1
 Necrotise                Necr           0%         1d4       100%        1
 Slow                     Hex            0%         N/A       100%        1
 Sting                    Tmut/Pois      0%         1d3       100%        1
 Blink                    Tloc           0%         N/A       100%        2
 Cigotuvi's Dreadful Rot  Necr/Pois/Air  0%         N/A       100%        2
 Lesser Beckoning         Tloc           0%         N/A       100%        2
 Poisonous Vapours        Pois/Air       0%         N/A       100%        2
 Searing Ray              Conj           0%         2d4       100%        2
 Sublimation of Blood     Necr           0%         N/A       100%        2
 Confusing Touch          Hex            0%         N/A       100%        3
 Frozen Ramparts          Ice            0%         1d1       100%        3
 Gell's Gravitas          Tloc           0%         N/A       100%        3
 Mephitic Cloud           Conj/Pois/Air  0%         N/A       100%        3
 Portal Projectile        Hex/Tloc       0%         N/A       100%        3
 Teleport Other           Tloc           0%         N/A       100%        3
 Vampiric Draining        Necr           0%         2d6       100%        3
 Cause Fear               Hex            0%         N/A       100%        4
 Fulminant Prism          Conj/Hex       0%         3d5       100%        4
 Ice Form                 Ice/Tmut       0%         N/A       100%        4
 Manifold Assault         Tloc           0%         N/A       100%        4
 Olgreb's Toxic Radiance  Pois           0%         N/A       100%        4
 Passage of Golubria      Tloc           0%         N/A       100%        4
 Petrify                  Tmut/Erth      0%         N/A       100%        4
 Agony                    Necr           0%         N/A       100%        5
 Blade Hands              Tmut           0%         N/A       100%        5
 Fireball                 Conj/Fire      0%         3d3       100%        5
 Irradiate                Conj/Tmut      0%         3d11      100%        5
 Iskenderun's Battlesphe  Conj           0%         2d6       100%        5
 Silence                  Hex/Air        0%         N/A       100%        5
 Conjure Ball Lightning   Conj/Air       0%         3x3d6     100%        6
 Dispersal                Tloc           0%         N/A       100%        6
 Starburst                Conj/Fire      0%         6d3       100%        6
 Orb of Destruction       Conj           0%         9d5       100%        7
 Ozocubu's Refrigeration  Ice            0%         4d7       100%        7
 Storm Form               Tmut/Air       0%         N/A       100%        7
 Borgnjor's Revivificati  Necr           0%         N/A       100%        8
 Disjunction              Tloc           0%         N/A       100%        8
 Ignition                 Fire           0%         3d3       100%        8
 Lehudib's Crystal Spear  Conj/Erth      0%         10d2      100%        8
 Necromutation            Tmut/Necr      0%         N/A       100%        8
 Death's Door             Necr           0%         N/A       100%        9
 Summon Guardian Golem    Hex/Summ       Unusable   N/A       N/A         3
 Tukima's Dance           Hex            Unusable   N/A       N/A         3
 Summon Ice Beast         Ice/Summ       Unusable   N/A       N/A         4

Dungeon Overview and Level Annotations

Branches:
Dungeon (15/15)            Temple (1/1) D:4            Lair (5/5) D:9
 Shoals (0/4) Lair:2        Snake (4/4) Lair:3        Slime (5/5) Lair:5
    Orc (2/2) D:9             Elf (0/3) Orc:2        Vaults (0/5) D:14
 Depths (0/4) D:15        Gauntlet (visited)

Altars:
Ashenzari
Cheibriados
Dithmenos
Elyvilon
Gozag
Kikubaaqudgha
Makhleb
Nemelex Xobeh
Okawaru
Qazlal
Ru
Sif Muna
Trog
Uskayaw
Vehumet
Wu Jian
Xom
Zin
The Shining One

Shops:
D:2 =   D:6 (   Orc:2 *[=(   Snake:1 (*?   Snake:2 [

Portals:
Abyss: D:10

Annotations:
D:10 2 transporters, KennySheep's ghost, novice NaHu
Lair:3 2 transporters, Vade's ghost, journeyman DsGl


Innate Abilities, Weirdness & Mutations

You have a pair of large horns on your head.
You cannot be stealthy.
You cannot study or use magical devices.
You are hated by all.
You cannot train Dodging skill.
Your casting is slightly disrupted.
You are somewhat unskilled. (-1 Apt)
You reflexively headbutt those who attack you in melee.
You possess an exceptional clarity of mind.
You are somewhat resistant to further mutation.
You expend magic power (3 MP) to strengthen your wands.


Message History

You resist with almost no effort. The rockslime barely misses you.
You furiously retaliate!
You headbutt the rockslime!
The acid blob begins to attack, but is stunned by your conviction! x2
The golden eye blinks at you. You resist with almost no effort.
You feel yourself speed up.
The golden eye blinks!
The rockslime hits you!
You stumble backwards!
The acid blob spits acid at you. The splash of acid hits you!
The acid corrodes you!
The golden eye begins to attack, but is stunned by your conviction!
The acid blob spits acid at you. The splash of acid hits you!
* * * LOW HITPOINT WARNING * * *
The golden eye blinks at you. You resist with almost no effort.
Okay, then.
As you read the scroll of fear, it crumbles to dust.
You assume a fearsome visage.
The slime creature looks frightened!
The acid blob resists with almost no effort. x4
The rockslime looks frightened!
The golden eye looks frightened! x2
The golden eye blinks!
As you read the scroll of teleportation, it crumbles to dust.
You feel strangely unstable.
The golden eye blinks!
The acid blob spits acid at you.
The splash of acid reflects off an invisible shield around you!
The splash of acid hits the acid blob.
The acid blob completely resists.
You feel much better.
The acid blob begins to attack, but is stunned by your conviction!
The acid blob spits acid at you. The splash of acid hits you!!
* * * LOW HITPOINT WARNING * * *
The acid blob spits acid at you. The splash of acid hits you!!
* * * LOW HITPOINT WARNING * * *
The golden eye blinks!
Okay, then.
Okay, then.
The acid blob spits acid at you. The splash of acid hits you!!
You die...

......## # ###...........
.......# #. ##.............
.......## #.# #...G..........
........#.##..####..............
..................§.J...........
................................
...............JJ...............
...............J.J§..G..........
................@...............
<..................J............
...............................#
.............................#.
...........................###
.........................
........................
#.......................
##..#...#


You could see 4 acid blobs, a slime creature (fleeing), a rockslime (fleeing)
and 2 golden eyes.

Vanquished Creatures
  Saint Roka (Snake:3)
  Vashnia (Snake:2)
  6 acid blobs
  5 rockslimes
  5 azure jellies
  9 nagarajas
  An orc warlord (Orc:2)
  2 quicksilver oozes
  Nessos (Orc:2)
  Azrael (Snake:3)
  A minotaur (Gauntlet)
  The ghost of TheSexyCheese the Grappler, a journeyman TrFi of the Shining One (Lair:2)
  2 fire dragons
  4 great orbs of eyes (Slime:2)
  An ice dragon (D:15)
  An entropy weaver (Gauntlet)
  3 hydras
  A vault guard (D:14)
  10 anacondas
  A boulder beetle (D:13)
  7 centaur warriors
  2 ogre magi
  3 tengu warriors
  8 two-headed ogres
  7 naga warriors
  Urug (D:10)
  5 orc high priests (Orc:2)
  12 naga sharpshooters
  4 shock serpents
  Sonja (Lair:5)
  2 salamander mystics (Snake:4)
  6 sea snakes (Snake:4)
  9 skeletal warriors
  A swamp dragon (Lair:5)
  An obsidian statue (Gauntlet)
  Pikel (D:5)
  A wizard (D:14)
  A deep elf pyromancer (D:14)
  3 orc knights (Orc:2)
  8 naga ritualists
  An oklob plant (Lair:2)
  9 cyclopes
  9 mana vipers
  3 manticores
  3 orc sorcerers (Orc:2)
  4 salamanders
  4 ugly things (D:14)
  4 guardian serpents (Snake:4)
  46 black mambas
  Maurice (D:13)
  A merfolk siren (Lair:2)
  13 naga magi
  An ice statue (Lair:4)
  2 cane toads
  A gargoyle (D:10)
  3 kobold demonologists
  4 torpor snails
  2 unseen horrors
  A minotaur zombie (Gauntlet)
  A freezing wraith (Lair:4)
  8 komodo dragons
  3 efreet
  3 tengu conjurers
  7 trolls
  3 merfolk (Lair:2)
  4 polar bears
  Prince Ribbit (D:7)
  A meliai (shapeshifter) (D:15)
  4 dream sheep (Lair:5)
  14 blink frogs
  A raiju (Gauntlet)
  74 slime creatures
  2 vampires
  A shadow (D:11)
  8 basilisks
  A wraith (D:13)
  2 wyverns
  A human (shapeshifter) (D:15)
  3 fire elementals (Snake:3)
  6 golden eyes (Slime:2)
  2 steam dragons
  46 yaks
  2 wargs
  5 vampire mosquitoes
  21 nagas
  5 acid dragons
  9 water moccasins
  3 hell hounds
  2 swamp drakes (Lair:5)
  34 orc warriors
  4 boggarts (D:15)
  5 black bears
  15 ice beasts
  A sky beast (D:7)
  10 centaurs
  11 ogres
  12 wolves
  3 lemures
  A phantom (D:5)
  4 kobold brigands
  11 bullfrogs
  2 necrophages
  Blork the orc (D:7)
  2 gnoll sergeants
  A scorpion (D:5)
  10 wights (D:7)
  6 killer bees
  3 electric eels (D:8)
  3 howler monkeys
  3 jellies
  2 wyvern simulacra (D:8)
  3 hounds (D:6)
  22 orc priests
  Jessica (D:3)
  9 iguanas
  25 orc wizards
  A killer bee simulacrum (D:8)
  9 adders
  11 gnolls
  A shadow imp (D:8)
  6 white imps
  An ufetubus (D:8)
  2 dart slugs
  76 orcs
  6 ball pythons
  9 endoplasms
  5 giant cockroaches
  2 goblins (D:1)
  3 hobgoblins
  6 jackals
  24 kobolds
  6 quokkas
  4 bats
  A frilled lizard (D:1)
  5 rats
877 creatures vanquished.

Vanquished Creatures (others)
  A shock serpent (Snake:3)
  A sea snake (Snake:4)
  A mana viper (Snake:2)
  A wyvern (D:9)
  A golden eye (Slime:5)
  A redback (Gauntlet)
  A wolf (D:8)
  A boggart simulacrum (D:14)
  42 fungi
  51 plants
101 creatures vanquished.

Grand Total: 978 creatures vanquished

Notes
Turn   | Place    | Note
-------+----------+-------------------------------------------
     0 | D:1      | Popcorn the Minotaur Monk began the quest for the Orb.
     0 | D:1      | Reached XP level 1. HP: 19/19 MP: 0/0
   141 | D:1      | Reached skill level 1 in Armour
   230 | D:1      | Reached XP level 2. HP: 23/27 MP: 1/1
   376 | D:1      | Reached skill level 4 in Fighting
   837 | D:1      | Reached XP level 3. HP: 33/33 MP: 2/2
  1085 | D:2      | Found a shimmering blue altar of Sif Muna.
  1109 | D:2      | Found Doim's Jewellery Boutique.
  1661 | D:2      | Reached XP level 4. HP: 41/41 MP: 3/3
  1662 | D:3      | Noticed an ogre
  2147 | D:3      | Found a hide-covered altar of Uskayaw.
  2335 | D:3      | Noticed Jessica
  2348 | D:3      | Killed Jessica
  2349 | D:3      | Reached skill level 5 in Fighting
  2349 | D:3      | Reached skill level 5 in Maces & Flails
  2349 | D:3      | Reached XP level 5. HP: 20/48 MP: 4/4
  3159 | D:4      | Found a glowing silver altar of Zin.
  3420 | D:4      | Reached XP level 6. HP: 56/56 MP: 5/5
  3483 | D:4      | Found a staircase to the Ecumenical Temple.
  3492 | Temple   | Entered the Ecumenical Temple
  3611 | Temple   | Became a worshipper of Ru the Awakened
  3630 | D:4      | Gained mutation: You cannot train Dodging skill. [Ru
                  | sacrifice]
  3630 | D:4      | Reached * piety under Ru
  3692 | D:5      | Entered Level 5 of the Dungeon
  4010 | D:2      | Bought a ring of see invisible for 195 gold pieces
  4142 | D:5      | Noticed an ice beast
  4248 | D:5      | Reached skill level 6 in Fighting
  4254 | D:5      | Killed an ice beast
  4255 | D:5      | Reached XP level 7. HP: 43/63 MP: 6/6
  4386 | D:5      | Reached skill level 5 in Armour
  4668 | D:6      | Noticed Pikel
  4821 | D:6      | Found an iron altar of Okawaru.
  4907 | D:6      | Reached skill level 1 in Shields
  4907 | D:6      | Reached skill level 1 in Unarmed Combat
  5168 | D:6      | Reached skill level 7 in Fighting
  5176 | D:6      | Identified a scroll of acquirement
  5176 | D:6      | Acquired the +10 morningstar "Eos" {elec, Halo rElec}
  5176 | D:6      | Found the +10 morningstar "Eos" {elec, Halo rElec}
  5348 | D:6      | Reached XP level 8. HP: 73/73 MP: 7/7
  5731 | D:6      | Found Usamp's Weapon Shop.
  5906 | D:5      | Killed Pikel
  5907 | D:5      | Reached skill level 8 in Fighting
  6311 | D:7      | Reached skill level 5 in Shields
  6322 | D:7      | Reached XP level 9. HP: 80/82 MP: 8/8
  6370 | D:7      | Reached skill level 9 in Fighting
  6641 | D:7      | Gained mutation: You cannot be stealthy. [Ru sacrifice]
  6641 | D:7      | Reached ** piety under Ru
  6663 | D:7      | Noticed Prince Ribbit
  6672 | D:7      | Killed Prince Ribbit
  6680 | D:7      | Reached skill level 10 in Fighting
  6680 | D:7      | Reached skill level 10 in Maces & Flails
  6856 | D:7      | Found a sparkling altar of Nemelex Xobeh.
  6997 | D:7      | Found a bloodstained altar of Trog.
  7214 | D:7      | Reached XP level 10. HP: 73/94 MP: 9/9
  7326 | D:7      | Noticed Blork the orc
  7331 | D:7      | Reached skill level 11 in Fighting
  7336 | D:7      | Killed Blork the orc
  7530 | D:8      | Found an ornate altar of the Wu Jian Council.
  8352 | D:9      | Reached XP level 11. HP: 104/104 MP: 10/10
  8396 | D:9      | Found a staircase to the Lair.
  8422 | D:9      | Reached skill level 12 in Fighting
  8492 | D:9      | Reached skill level 10 in Shields
  8737 | D:9      | Found a staircase to the Orcish Mines.
  8835 | D:10     | Entered Level 10 of the Dungeon
  8870 | D:10     | Found a one-way gate to the infinite horrors of the Abyss.
  8870 | D:10     | Noticed KennySheep's ghost (novice NaHu)
  8876 | D:10     | Found a transporter.
  8933 | D:10     | Noticed Urug
  8947 | D:10     | Killed Urug
  9028 | D:10     | Found a basalt altar of Yredelemnul.
  9090 | D:10     | Noticed a skeletal warrior
  9090 | D:10     | Noticed a skeletal warrior
  9148 | D:10     | Killed a skeletal warrior
  9155 | D:10     | Killed a skeletal warrior
  9157 | D:10     | Noticed a skeletal warrior
  9164 | D:10     | Noticed a skeletal warrior
  9167 | D:10     | Killed a skeletal warrior
  9167 | D:10     | Noticed a skeletal warrior
  9177 | D:10     | Killed a skeletal warrior
  9178 | D:10     | Reached skill level 15 in Maces & Flails
  9184 | D:10     | Killed a skeletal warrior
  9253 | D:10     | Noticed a green ugly thing
  9264 | D:10     | Found a transporter.
  9594 | D:2      | Bought a ring of poison resistance for 260 gold pieces
 10062 | D:10     | Found a hazy altar of Hepliaklqana.
 10492 | D:11     | Noticed a two-headed ogre
 10570 | Lair:1   | Entered Level 1 of the Lair of Beasts
 10570 | Lair:1   | Noticed a seven-headed hydra
 10576 | D:9      | Killed a seven-headed hydra
 10778 | Lair:1   | Reached XP level 12. HP: 97/112 MP: 11/11
 11559 | Lair:2   | Noticed TheSexyCheese's ghost (journeyman TrFi)
 11559 | Lair:2   | Found a runed translucent door.
 11653 | Lair:2   | Gained mutation: Your body sometimes deteriorates upon
                  | taking damage. [potion of mutation]
 11653 | Lair:2   | Gained mutation: You are strong-willed. (Will+) [potion of
                  | mutation]
 11654 | Lair:2   | Lost mutation: You are strong-willed. (Will+) [potion of
                  | mutation]
 11654 | Lair:2   | Lost mutation: Your body sometimes deteriorates upon taking
                  | damage. [potion of mutation]
 11654 | Lair:2   | Gained mutation: Your spells are a little easier to cast,
                  | but a little less powerful. [potion of mutation]
 11654 | Lair:2   | Gained mutation: Your flesh is cold resistant. (rC+)
                  | [potion of mutation]
 11654 | Lair:2   | Gained mutation: You have an increased reservoir of magic.
                  | (+10% MP) [potion of mutation]
 11655 | Lair:2   | Lost mutation: Your flesh is cold resistant. (rC+) [potion
                  | of mutation]
 11655 | Lair:2   | Lost mutation: Your spells are a little easier to cast, but
                  | a little less powerful. [potion of mutation]
 11655 | Lair:2   | Lost mutation: You have an increased reservoir of magic.
                  | (+10% MP) [potion of mutation]
 11655 | Lair:2   | Gained mutation: Your mind is acute. (Int +4, Str/Dex -1)
                  | [potion of mutation]
 11940 | Lair:2   | Found a staircase to the Shoals.
 12337 | Lair:2   | Killed TheSexyCheese's ghost
 12440 | Lair:3   | Noticed a five-headed hydra
 12447 | Lair:3   | Killed a five-headed hydra
 12550 | Lair:3   | Noticed Vade's ghost (journeyman DsGl)
 12553 | Lair:3   | Found a transporter.
 12561 | Lair:3   | Noticed a death yak
 12644 | Lair:3   | Gained mutation: You are somewhat unskilled. (-1 Apt) [Ru
                  | sacrifice]
 12644 | Lair:3   | Reduced skill Fighting to level 11
 12644 | Lair:3   | Reached *** piety under Ru
 12692 | Lair:3   | Found a transporter.
 12740 | Lair:3   | Found a staircase to the Snake Pit.
 12878 | Lair:3   | Reached skill level 12 in Fighting
 13032 | Lair:3   | Reached skill level 15 in Maces & Flails
 13341 | Lair:4   | Found a gate leading to a gauntlet.
 13394 | Gauntlet | Entered a Gauntlet
 13394 | Gauntlet | Found a transporter.
 13394 | Gauntlet | Found a transporter.
 13403 | Gauntlet | Found a transporter.
 13417 | Gauntlet | Found a transporter.
 13418 | Gauntlet | Noticed an entropy weaver
 13558 | Gauntlet | Found a transporter.
 13564 | Gauntlet | Killed an entropy weaver
 13606 | Gauntlet | Found a transporter.
 13608 | Gauntlet | Found a large runed translucent door.
 13608 | Gauntlet | Found a large runed translucent door.
 13609 | Gauntlet | Found a large runed translucent door.
 13609 | Gauntlet | Found a large runed translucent door.
 13620 | Gauntlet | Found a runed translucent door.
 13620 | Gauntlet | Found a runed translucent door.
 13620 | Gauntlet | Found a large runed translucent door.
 13620 | Gauntlet | Found a large runed translucent door.
 13620 | Gauntlet | Found a large runed translucent door.
 13620 | Gauntlet | Found a large runed translucent door.
 13620 | Gauntlet | Found a large runed translucent door.
 13620 | Gauntlet | Found a large runed translucent door.
 13621 | Gauntlet | Found a large runed translucent door.
 13621 | Gauntlet | Found a large runed translucent door.
 13622 | Gauntlet | Found a large runed translucent door.
 13622 | Gauntlet | Found a large runed translucent door.
 13622 | Gauntlet | Found a large runed translucent door.
 13622 | Gauntlet | Found a large runed translucent door.
 13623 | Gauntlet | Found a runed translucent gate.
 13623 | Gauntlet | Found a runed translucent gate.
 13623 | Gauntlet | Found a runed translucent gate.
 13624 | Gauntlet | Found a transporter.
 13748 | Gauntlet | Reached XP level 13. HP: 101/119 MP: 12/12
 13751 | Gauntlet | Got the Omnibus of Impure Ill Luck
 13756 | Gauntlet | Found a transporter.
 13789 | Gauntlet | Identified the +9 shortbow "Upnaem Yfaja" {heavy, rPois
                  | rC+++ Int+4 Dex-4}
 13789 | Gauntlet | Identified the +1 plate armour of Evolution {-Cast rElec
                  | rN+ SInv}
 13789 | Gauntlet | Noticed a minotaur
 13811 | Gauntlet | Killed a minotaur
 14233 | Lair:4   | Gained mutation: You cannot study or use magical devices.
                  | [Ru sacrifice]
 14233 | Lair:4   | Reached **** piety under Ru
 14233 | Lair:4   | Reached ***** piety under Ru
 14393 | Lair:5   | Entered Level 5 of the Lair of Beasts
 14639 | Lair:5   | Noticed Sonja
 14642 | Lair:5   | Killed Sonja
 14643 | Lair:5   | Reached skill level 10 in Armour
 14683 | Lair:5   | Found a runed translucent door.
 14688 | Lair:5   | Found a staircase to the Slime Pits.
 14753 | Lair:5   | Reached skill level 13 in Fighting
 15431 | Lair:5   | Noticed a fire dragon
 15459 | Lair:5   | Killed a fire dragon
 15491 | Lair:5   | Lost mutation: Your mind is acute. (Int +4, Str/Dex -1)
                  | [potion of mutation]
 15491 | Lair:5   | Gained mutation: You are somewhat resistant to further
                  | mutation. [potion of mutation]
 15491 | Lair:5   | Gained mutation: You expend magic power (3 MP) to
                  | strengthen your wands. [potion of mutation]
 15491 | Lair:5   | Gained mutation: You possess an exceptional clarity of
                  | mind. [potion of mutation]
 15491 | Lair:5   | Gained mutation: You have a pair of large horns on your
                  | head. [potion of mutation]
 15723 | Orc:1    | Entered Level 1 of the Orcish Mines
 15901 | Orc:2    | Entered Level 2 of the Orcish Mines
 15936 | Orc:2    | Noticed Nessos
 15968 | Orc:2    | Killed Nessos
 16061 | Orc:2    | Gained mutation: You are hated by all. [Ru sacrifice]
 16476 | Orc:2    | Reached XP level 14. HP: 117/130 MP: 7/13
 16518 | Orc:2    | Noticed an orc warlord
 16534 | Orc:2    | Killed an orc warlord
 16535 | Orc:2    | Reached skill level 14 in Fighting
 16618 | Orc:2    | Paralysed by an orc sorcerer for 2 turns
 16642 | Orc:2    | Found a staircase to the Elven Halls.
 16748 | Orc:2    | Found Perualyitt's General Store.
 16749 | Orc:2    | Found Heenejud's Jewellery Boutique.
 16751 | Orc:2    | Found Fiukuin's Antique Armour Boutique.
 16751 | Orc:2    | Found Seetruh's Antique Weapon Shop.
 17168 | Snake:1  | Entered Level 1 of the Snake Pit
 17595 | Snake:1  | Found Nyhypaum's Magic Scroll Boutique.
 17595 | Snake:1  | Found Xeevvyups's Antique Weapon Shop.
 17597 | Snake:1  | Found Hyeg's General Store.
 17599 | Snake:1  | Found Qymo Jenn's Armour Shop.
 17620 | Snake:1  | Bought a scroll of silence for 104 gold pieces
 17620 | Snake:1  | Bought a scroll of teleportation for 33 gold pieces
 17620 | Snake:1  | Bought a scroll of fog for 44 gold pieces
 17788 | Snake:1  | Gained mutation: Your casting is slightly disrupted. [Ru
                  | sacrifice]
 17788 | Snake:1  | Reached ****** piety under Ru
 18108 | Snake:2  | Found Voriqyhou's Antique Armour Shop.
 18225 | Snake:2  | Bought a pair of runed boots for 232 gold pieces
 18225 | Snake:2  | Bought a glowing cloak for 232 gold pieces
 18598 | Snake:2  | Noticed Vashnia
 18645 | Snake:2  | Killed Vashnia
 18646 | Snake:2  | Reached skill level 15 in Fighting
 18883 | Snake:2  | Noticed a nagaraja
 18899 | Snake:2  | Killed a nagaraja
 19497 | Snake:3  | Noticed Azrael
 19518 | Snake:3  | Killed Azrael
 19626 | Snake:3  | Reached XP level 15. HP: 118/141 MP: 14/14
 19653 | Snake:3  | Reached skill level 15 in Shields
 19894 | Snake:3  | Noticed a nagaraja
 19927 | Snake:3  | Killed a nagaraja
 19931 | Snake:3  | Noticed a nagaraja
 19939 | Snake:3  | Killed a nagaraja
 19949 | Snake:3  | Identified the +0 plate armour "Jistraleu" {Harm *Slow
                  | Will++ Dex+2}
 20274 | Snake:3  | Reached skill level 16 in Fighting
 20356 | Snake:3  | Identified the ring "Diteebil" {rC++ MP+9 Slay+3}
 20439 | Snake:3  | Noticed a nagaraja
 20475 | Snake:3  | Killed a nagaraja
 20775 | Snake:3  | Noticed Saint Roka
 20871 | Snake:3  | Killed Saint Roka
 20992 | Snake:3  | Reached skill level 17 in Fighting
 21357 | Snake:4  | Entered Level 4 of the Snake Pit
 21815 | Snake:4  | Reached skill level 1 in Throwing
 22217 | Snake:4  | Reached skill level 5 in Throwing
 22733 | Snake:4  | Noticed a nagaraja
 22749 | Snake:4  | Killed a nagaraja
 22763 | Snake:4  | Reached XP level 16. HP: 116/155 MP: 15/15
 23119 | Snake:4  | Got a serpentine rune of Zot
 25426 | D:13     | Reached skill level 10 in Throwing
 25767 | D:13     | Noticed Maurice
 25775 | D:13     | Killed Maurice
 26378 | D:14     | Found an ornate altar of the Wu Jian Council.
 26694 | D:14     | Acquired a +2 pair of boots of rampaging
 26747 | D:14     | Found a gate to the Vaults.
 26748 | D:14     | Identified the +1 pair of gloves "Uqeu" {rPois rC- rN+}
 27113 | D:15     | Entered Level 15 of the Dungeon
 27554 | D:15     | Found a staircase to the Depths.
 27925 | Slime:1  | Entered Level 1 of the Pits of Slime
 27950 | Slime:1  | Noticed an acid blob
 28007 | Lair:5   | Killed an acid blob
 28008 | Lair:5   | Reached XP level 17. HP: 76/162 MP: 16/16
 28349 | Slime:1  | Noticed an acid blob
 28376 | Slime:1  | Killed an acid blob
 29577 | Slime:2  | Noticed an acid blob
 29588 | Slime:2  | Killed an acid blob
 31134 | Slime:4  | Noticed an acid blob
 31139 | Slime:4  | Noticed an acid blob
 31143 | Slime:4  | Killed an acid blob
 31427 | Slime:4  | Killed an acid blob
 31657 | Slime:4  | Noticed an acid blob
 31662 | Slime:4  | Killed an acid blob
 31817 | Slime:5  | Entered Level 5 of the Pits of Slime
 31919 | Slime:5  | Reached skill level 15 in Throwing
 32169 | Slime:5  | Noticed an acid blob
 32174 | Slime:5  | Noticed an acid blob
 32180 | Slime:5  | Noticed an acid blob
 32183 | Slime:5  | Noticed an acid blob
 32193 | Slime:5  | Killed from afar by an acid blob

Illustrated notes

Levels and vault maps discovered:
D:1:      dpeg_arrival_shrine, layout_loops_corners, serial_glass,
          glass_columns_c, glass_columns_a
D:2:      layout_loops_ring, basic_altar, serial_shops,
          nicolae_shop_hallway_stairs, corexii_item_surrounded_by_moat
D:3:      layout_rooms, mainiacjoe_overflow_boulevard, minivault_11,
          hex_intersection, nicolae_underground_beach, uniq_jessica
D:4:      layout_gridville, kennysheep_little_box, temple_hall
D:5:      layout_basic, minmay_fractal_squares_5
D:6:      layout_gridville, mainiacjoe_overflow_surrounded_room, serial_shops,
          shop, uniq_pikel
D:7:      layout_loops_ring, trog_ov_bears_minmay, nemelex_dance_club_becter,
          sword_in_stone, uniq_prince_ribbit1
D:8:      layout_gridville, overflow_temple_1_default, serial_ice, serial_ice_h,
          serial_ice_f, serial_ice_c, serial_ice_k, serial_ice_n, serial_ice_e,
          due_unseen_surprise
D:9:      layout_roguey, dpeg_oklobed_lair, minmay_orc_entry_temple_small
D:10:     layout_stronghold, mainiacjoe_overflow_catwalk,
          yredelemnul_altar_generic, gammafunk_ghost_abyssal_escape, uniq_urug
D:11:     layout_loops_ring
D:12:     layout_basic
D:13:     layout_roguey, uniq_maurice
D:14:     layout_loops_ring, david_vaults_5,
          nicolae_wu_jian_immortal_techniques, minmay_misc_feat_nine_boxes
D:15:     grunt_enter_depths_hoard, layout_cave_pools, serial_park_tiny_1
Temple:   nicolae_temple_superstar
Lair:1:   layout_cave_pods, grunt_megastairs_3
Lair:2:   layout_roguey, elwin_shoals_entry_stream,
          hellmonk_ghost_happy_afterlife
Lair:3:   layout_cave_pods, nicolae_snake_entry_squirm, nzn_ghost_randoct
Lair:4:   layout_regular_city, gauntlet_entry_generic, serial_bayou,
          serial_bayou_pond_d, serial_bayou_pond_a, serial_bayou_pond_b,
          serial_bayou_pond_e, ice2_lemuel
Lair:5:   guppyfry_lair_end_dragon, layout_loops_ring,
          hangedman_lair_caniforms_friends, slime_entry_2, uniq_sonja
Snake:1:  layout_grid_maze, minmay_shoptagon
Snake:2:  layout_honeycomb, serial_shops, nicolae_lakefront_shop, uniq_vashnia
Snake:3:  layout_misc_corridors, drop_trap, uniq_saint_roka, uniq_azrael
Snake:4:  grunt_snake_rune_pools, layout_grid_shapes, hangedman_venom_bottle
Slime:1:  layout_caves, nicolae_slime_barrier
Slime:2:  layout_caves
Slime:3:  layout_caves
Slime:4:  layout_caves
Slime:5
Orc:1:    layout_diamond_mine
Orc:2:    st_orc_congregation, layout_diamond_mine, uniq_nessos

Skill      XL: |  1  2  3  4  5  6  7  8  9 10 11 12 13 14 15 16 17 |
---------------+----------------------------------------------------+-----
Armour         | 1 2 3 4 5 6 9 11 13 14 | 14.0
Fighting       | 4 5 6 7 8 10 11 12 12 13 15 17 | 17.5
Maces & Flails | 4 5 6 7 8 10 12 16 15 16 | 16.0
Dodging        | 0 |  0.0
Shields        | 2 5 7 9 10 11 13 14 15 | 15.0
Unarmed Combat | 1 0 |  0.8
Stealth        | 0 |  0.0
Throwing       | 6 12 15 | 15.1

Action                     |  1- 3 |  4- 6 |  7- 9 | 10-12 | 13-15 | 16-18 || total
---------------------------+-------+-------+-------+-------+-------+-------++-------
  Melee: Mace              |    90 |   121 |    53 |       |       |       ||   264
         Headbutt          |    10 |    19 |    30 |    98 |   209 |   200 ||   566
         Morningstar       |       |       |   107 |   441 |   852 |   589 ||  1989
  Throw: Dart              |       |     3 |       |       |    13 |       ||    16
         Javelin           |       |       |       |       |       |    17 ||    17
 Invoke: Sacrifice Nimblen |       |     1 |       |       |       |       ||     1
         Sacrifice Stealth |       |       |     1 |       |       |       ||     1
         Reject Sacrifices |       |       |       |     1 |       |       ||     1
         Sacrifice Skill   |       |       |       |     1 |       |       ||     1
         Power Leap        |       |       |       |       |    17 |    19 ||    36
         Sacrifice Artific |       |       |       |       |     1 |       ||     1
         Sacrifice Love    |       |       |       |       |     1 |       ||     1
         Apocalypse        |       |       |       |       |     1 |       ||     1
         Sacrifice Essence |       |       |       |       |     1 |       ||     1
         Draw Out Power    |       |       |       |       |       |     1 ||     1
  Evoke: Wand              |       |       |     2 |     2 |     5 |       ||     9
    Use: Scroll            |     4 |     6 |    11 |     9 |    10 |     5 ||    45
         Potion            |       |     1 |       |     4 |    19 |     6 ||    30
   Stab: Sleeping          |     2 |       |       |       |       |       ||     2
         Distracted        |       |       |     1 |       |     2 |     6 ||     9
         Paralysed         |       |       |       |       |    12 |     1 ||    13
         Invisible         |       |       |       |       |     6 |     7 ||    13
 Armour: Robe              |    12 |       |       |       |       |       ||    12
         Ring mail         |    14 |    51 |    42 |       |       |       ||   107
         Scale mail        |       |       |    13 |    73 |       |       ||    86
         Acid dragon scale |       |       |       |    50 |       |     9 ||    59
         Chain mail        |       |       |       |    10 |   293 |   131 ||   434
         Skin              |       |       |       |     5 |     1 |       ||     6
         Plate armour      |       |       |       |       |       |    82 ||    82
  Dodge: Dodged            |    58 |    80 |    53 |    97 |   128 |    99 ||   515
  Block: Other             |    21 |    23 |       |       |       |       ||    44
         Reflection        |       |     1 |       |       |       |     3 ||     4
         Kite shield       |       |       |    59 |   222 |   398 |   308 ||   987

Table legend: (Time is in decaauts)
 A = Elapsed time spent in this place.
 B = Non-inter-level travel time spent in this place.
 C = Inter-level travel time spent in this place.
 D = Time resting spent in this place.
 E = Time spent auto-exploring this place.
 F = Levels seen in this place.
 G = Mean time per level.
                   A        B        C        D        E       F      G
               +--------+--------+--------+--------+--------+-----+--------+
         Total |  32037 |  27918 |   4119 |   5644 |  14901 |  33 |  970.8 |
       Dungeon |  15257 |  12718 |   2539 |   1417 |   7901 |  15 | 1017.1 |
        Temple |    135 |    120 |     15 |      0 |     61 |   1 |  135.0 |
          Lair |   5602 |   4562 |   1040 |    689 |   2756 |   5 | 1120.4 |
     Snake Pit |   5966 |   5587 |    379 |   1481 |   2584 |   4 | 1491.5 |
    Slime Pits |   3393 |   3334 |     59 |   1781 |    854 |   5 |  678.6 |
  Orcish Mines |   1207 |   1122 |     85 |     28 |    744 |   2 |  603.5 |
      Gauntlet |    473 |    473 |      0 |    247 |      0 |   1 |  473.0 |
               +--------+--------+--------+--------+--------+-----+--------+

Top non-repeatable levels by time:
 Snake:3: 1872 daAuts
 Snake:4: 1780 daAuts
     D:6: 1480 daAuts
  Lair:5: 1479 daAuts
    D:10: 1419 daAuts
 Snake:2: 1324 daAuts
     D:7: 1311 daAuts
 Slime:1: 1276 daAuts
  Lair:3: 1265 daAuts
  Lair:1: 1261 daAuts
     D:2: 1215 daAuts
    D:14: 1079 daAuts
     D:9: 1077 daAuts
     D:4: 1058 daAuts
   Orc:2: 1049 daAuts
